 Dungeon Crawl Stone Soup version 0.22-a0-354-g30dfbe6 (webtiles) character file.

13004 Amnesiac the Reanimator (level 11, -2/66 HPs)
             Began as a Deep Elf Necromancer on Apr 16, 2018.
             Was a High Priest of Sif Muna.
             Engulfed by a cloud of freezing vapour (13 damage)
             ... in an ice cave.
             The game lasted 00:25:18 (11780 turns).

Amnesiac the Reanimator (Deep Elf Necromancer)     Turns: 11780, Time: 00:25:19

Health: -2/66      AC:  6    Str:  5    XL:     11   Next: 69%
Magic:  25/28      EV: 19    Int: 24    God:    Sif Muna [*****.]
Gold:   872        SH:  7    Dex: 17    Spells: 6/32 levels left

rFire    + . .     SeeInvis .   g - +10 zealot's sword {holy, *Rage rN+ EV+3}
rCold    . . .     Gourm    .   s - +2 buckler {rN+}
rNeg     + + .     Faith    .   m - +1 robe {rF+}
rPois    +         Spirit   .   (no helmet)
rElec    .         Reflect  .   r - +2 cloak
rCorr    .         Harm     .   (no gloves)
MR       +....     Rnd*Rage +   (no boots)
Stlth    ++........             i - amulet of regeneration
HPRegen  1.61/turn              k - ring of poison resistance
MPRegen  0.21/turn              n - +2 ring of dexterity

@: regenerating, divine energy
A: no striking features
a: Stop Divine Energy, Channel Magic, Forget Spell, Renounce Religion


You were in an ice cave.
You worshipped Sif Muna.
Sif Muna was extremely pleased with you.
You were not hungry.

You visited 3 branches of the dungeon, and saw 12 of its levels.
You also visited: Ice Cave.

You collected 1149 gold pieces.
You spent 277 gold pieces at shops.

Inventory:

Hand Weapons
 g - the +10 zealot's sword (weapon) {holy, *Rage rN+ EV+3}
   (You found it on level 4 of the Dungeon)

   It has been blessed by the Shining One to cause great damage to the undead
   and demons.
   It affects your evasion (+3).
   It protects you from negative energy.
   It may make you go berserk in combat.
Missiles
 f - 3 needles of sleeping
 C - 11 poisoned needles
 H - 2 needles of confusion
Armour
 m - a +1 robe of fire resistance (worn)
 r - a +2 cloak (worn)
 s - a +2 buckler of positive energy (worn)
Magical Staves
 y - an uncursed staff of air
Jewellery
 i - an amulet of regeneration (around neck)
 k - a ring of poison resistance (left hand)
 n - a +2 ring of dexterity (right hand)
Wands
 u - a wand of iceblast (37)
 D - a wand of scattershot (8)
 E - a wand of paralysis (25)
 G - a wand of enslavement (5)
 M - a wand of acid (8)
 N - a wand of digging (14)
Scrolls
 b - 7 scrolls of teleportation {!r}
 o - a scroll of magic mapping {!r}
 t - a scroll of amnesia {!r}
 x - a scroll of immolation {!r}
 z - a scroll of enchant weapon {!r}
 A - a scroll of silence {!r}
 B - a scroll of holy word {!r}
 J - a scroll of blinking {!r}
Potions
 a - 2 potions of flight {!q}
 d - 5 potions of agility {!q}
 e - 3 potions of curing {!q}
 h - 3 potions of might {!q}
 j - 5 potions of invisibility {!q}
 l - 3 potions of haste {!q}
 p - 5 potions of heal wounds {!q}
 K - 2 potions of mutation {!q}
 L - a potion of lignification {!q}
Comestibles
 c - 12 rations
 q - 3 chunks of flesh


   Skills:
 * Level 6.5 Fighting
 + Level 6.5 Dodging
 - Level 2.4 Stealth
 - Level 4.0 Shields
 - Level 11.0 Spellcasting
 + Level 13.6 Necromancy
 - Level 8.0 Invocations


You had 6 spell levels left.
You knew the following spells:

 Your Spells              Type           Power        Failure   Level  Hunger
a - Agony                 Necr           ######..     1%          5    ####...
b - Animate Dead          Necr           N/A          1%          4    None
d - Vampiric Draining     Necr           ######....   1%          3    None
e - Mephitic Cloud        Conj/Pois/Air  ##......     14%         3    None
f - Spectral Weapon       Hex/Chrm       ##......     14%         3    None
r - Regeneration          Chrm/Necr      #####.....   1%          3    None
s - Conjure Flame         Conj/Fire      ##......     14%         3    None
v - Blink                 Tloc           N/A          7%          2    None


Dungeon Overview and Level Annotations

Branches:
Dungeon (10/15)            Temple (1/1) D:5             Orc (1/2) D:9
   Lair: D:8-11

Altars:
Ashenzari
Cheibriados
Dithmenos
Elyvilon
Fedhas
Gozag
Hepliaklqana
Kikubaaqudgha
Makhleb
Nemelex Xobeh
Okawaru
Qazlal
Ru
Sif Muna
Trog
Uskayaw
Vehumet
Wu Jian
Xom
Yredelemnul
Zin
The Shining One

Shops:
D:5 [


Message History

You closely miss the wolf. The wolf completely misses you. The wolf misses you.
You hit the wolf.
The wolf is lightly wounded.
You block the wolf's attack. The wolf bites you but does no damage.
You closely miss the wolf.
The wolf is lightly wounded.
The wolf misses you. The wolf barely misses you.
You barely miss the wolf.
The wolf is lightly wounded.
The wolf barely misses you. The wolf closely misses you.
You riposte.
You slash the wolf!
The wolf is severely wounded.
You completely miss the wolf.
The wolf is severely wounded.
The wolf closely misses you. The wolf misses you.
You riposte.
You hit the wolf.
The wolf is almost dead.
You slash the wolf!
You kill the wolf!
Sif Muna accepts your kill.
You see here a wolf corpse.
You butcher the wolf corpse.
q - 4 chunks of flesh (gained 3)
There is an ice covered gate leading back out of this place here.
The polar bear is too close now for your liking.
A polar bear is nearby!
A polar bear is nearby!
You slash the polar bear!
The polar bear is almost dead.
The polar bear bites you! The polar bear closely misses you.
You block the polar bear's attack.
The polar bear goes berserk!
You hit the polar bear.
You kill the polar bear!
Sif Muna accepts your kill.
No target in view!
You start resting.
Eating one of 4 chunks of flesh.
You eat one of the 4 chunks of flesh.
This raw flesh tastes terrible.
HP restored.
Okay, then.
Evoke which item? (* to show all) (? for menu, Esc to quit)
Aiming: Dig
Press: ? - help, Shift-Dir - straight line The rock shatters into small pieces.
Found a potion of flight.
Found 21 gold pieces.
You are engulfed in freezing vapours.
Found 19 gold pieces.
You see here a potion of flight {!q}.
Okay, then.
You are engulfed in freezing vapours.
* * * LOW HITPOINT WARNING * * *
Found 18 gold pieces.
You see here 19 gold pieces.
You are engulfed in freezing vapours.
* * * LOW HITPOINT WARNING * * *
Casting: Regeneration (safe; 1% risk of failure)
Confirm with . or Enter, or press ? or * to list all spells.
Your skin crawls.
Evoke which item? (* to show all) (? for menu, Esc to quit)
Aiming: Dig
Press: ? - help, Shift-Dir - straight line The rock shatters into small pieces.
You are engulfed in freezing vapours.
You die...

##### ####
##§#§########
#..########§#§#@§......
#.∩....#.#§#§#§########
##..∩...§§###§§##
###....§...###.# .
####.###..#§#..Y# ###
##..§§.## ##..§## #.##
##


There were no monsters in sight!

Vanquished Creatures
  4 two-headed ogres
  Urug (D:10)
  Pikel (D:7)
  An orc knight (Orc:1)
  An orc sorcerer (Orc:1)
  A gargoyle (D:10)
  2 rime drakes (Orc:1)
  A polar bear (IceCv)
  A hornet (D:7)
  The ghost of Amnesiac the Grave Robber, an amateur DENe (D:4)
  2 hippogriffs (D:8)
  A wraith (D:7)
  5 yaks
  Grum (D:10)
  2 wargs (Orc:1)
  2 water moccasins
  11 orc warriors
  4 slaves (D:7)
  An ice beast (D:10)
  A sky beast (D:6)
  5 ogres
  5 wolves
  3 phantoms
  2 centaurs
  2 bullfrogs
  A troll zombie (D:7)
  3 scorpions
  13 wights
  3 howler monkeys
  2 electric eels (D:6)
  8 crimson imps
  A quasit (D:10)
  2 bullfrog zombies
  6 orc priests
  A centaur skeleton (D:8)
  5 hounds
  3 human zombies (D:7)
  A jelly (D:5)
  17 orc wizards
  2 bullfrog skeletons
  4 iguanas
  A human skeleton (D:7)
  Natasha (thrice) (D:3)
  3 worker ants
  2 ogre zombies (D:7)
  A hound zombie (D:10)
  A hound skeleton (D:4)
  2 mummies (D:7)
  A worker ant zombie (D:10)
  15 adders
  2 shadow imps
  4 adder skeletons (D:6)
  7 worms
  4 dart slugs
  7 leopard geckos
  68 orcs
  5 giant cockroaches
  6 goblins
  8 hobgoblins
  7 jackals
  4 kobolds
  5 quokkas
  14 bats
  12 frilled lizards
  An orc zombie (D:7)
  3 rats
319 creatures vanquished.

Vanquished Creatures (others)
  A yak (IceCv)
  A wolf (IceCv)
  2 spectral weapons (D:10)
4 creatures vanquished.

Grand Total: 323 creatures vanquished

Notes
Turn   | Place    | Note
-------+----------+-------------------------------------------
     0 | D:1      | Amnesiac the Deep Elf Necromancer began the quest for the Orb.
     0 | D:1      | Reached XP level 1. HP: 10/10 MP: 6/6
    57 | D:1      | Reached skill level 5 in Necromancy
   321 | D:1      | Reached skill level 1 in Fighting
   360 | D:1      | Reached XP level 2. HP: 15/16 MP: 6/8
   835 | D:1      | Reached XP level 3. HP: 21/21 MP: 7/9
   840 | D:1      | Learned a level 3 spell: Vampiric Draining
   844 | D:1      | Learned a level 3 spell: Regeneration
  1370 | D:2      | Reached XP level 4. HP: 9/27 MP: 3/12
  1560 | D:2      | Found a glowing golden altar of the Shining One.
  1563 | D:2      | Found a sacrificial altar of Ru.
  1563 | D:2      | Found a shadowy altar of Dithmenos.
  1571 | D:2      | Found a basalt altar of Yredelemnul.
  1897 | D:3      | Found a bloodstained altar of Trog.
  2410 | D:3      | Reached XP level 5. HP: 25/32 MP: 1/13
  2514 | D:3      | Noticed Natasha
  2565 | D:3      | Killed Natasha
  2869 | D:4      | Found the +10 zealot's sword {holy, *Rage rN+ EV+3}
  2871 | D:4      | Noticed Amnesiac's ghost (amateur DENe)
  2874 | D:4      | Found a shattered altar of Ashenzari.
  2902 | D:4      | Killed Amnesiac's ghost
  2902 | D:4      | Reached skill level 5 in Spellcasting
  2902 | D:4      | Reached XP level 6. HP: 33/38 MP: 11/15
  2922 | D:4      | Found a radiant altar of Vehumet.
  3136 | D:4      | Reached XP level 7. HP: 44/44 MP: 16/16
  3290 | D:4      | Reached skill level 5 in Fighting
  3361 | D:4      | Reached skill level 5 in Dodging
  3753 | D:5      | Entered Level 5 of the Dungeon
  3825 | D:5      | Found Neotag's Armour Boutique.
  3829 | D:5      | Bought a +2 buckler of positive energy for 277 gold pieces
  3969 | D:5      | Found a staircase to the Ecumenical Temple.
  3992 | D:5      | Reached skill level 1 in Shields
  4021 | Temple   | Entered the Ecumenical Temple
  4248 | Temple   | Became a worshipper of Sif Muna the Loreminder
  4320 | D:5      | Got a translucent hunting sling
  4605 | D:6      | Reached XP level 8. HP: 42/49 MP: 18/18
  4698 | D:6      | Reached skill level 6 in Necromancy
  4746 | D:6      | Reached * piety under Sif Muna
  4779 | D:6      | Found a shimmering altar of Xom.
  4874 | D:6      | Found an ornate altar of the Wu Jian Council.
  4892 | D:6      | Identified the cursed +1 hunting sling of Forgiveness {speed, rElec rPois rC- rN+} (You found it on level 5 of the Dungeon)
  4958 | D:6      | Reached skill level 7 in Necromancy
  4975 | D:6      | Learned a level 2 spell: Blink
  4979 | D:6      | Learned a level 3 spell: Conjure Flame
  5294 | D:7      | Reached skill level 8 in Necromancy
  5343 | D:7      | Reached XP level 9. HP: 33/54 MP: 21/21
  5357 | D:7      | Reached ** piety under Sif Muna
  5382 | D:7      | Found an ancient bone altar of Kikubaaqudgha.
  5391 | D:7      | Reached skill level 9 in Necromancy
  5485 | D:7      | Learned a level 3 spell: Mephitic Cloud
  5711 | D:7      | Noticed Pikel
  5721 | D:7      | Killed Pikel
  5721 | D:7      | Reached *** piety under Sif Muna
  5721 | D:7      | Reached skill level 10 in Necromancy
  6224 | D:8      | Reached skill level 11 in Necromancy
  6273 | D:8      | Noticed a two-headed ogre
  6444 | D:8      | Found a snail-covered altar of Cheibriados.
  6498 | D:8      | Reached XP level 10. HP: 41/59 MP: 18/25
  6612 | D:8      | Reached **** piety under Sif Muna
  6612 | D:8      | Reached skill level 10 in Spellcasting
  7007 | D:8      | Paralysed by a wight for 2 turns
  7017 | D:8      | Reached skill level 12 in Necromancy
  7722 | D:9      | Found a staircase to the Orcish Mines.
  7883 | D:9      | Learned a level 4 spell: Animate Dead
  8048 | D:9      | Found a sparkling altar of Nemelex Xobeh.
  8090 | D:9      | Reached ***** piety under Sif Muna
  8334 | D:10     | Entered Level 10 of the Dungeon
  8341 | D:10     | Noticed Grum
  8360 | D:10     | Identified Sif Muna's Tome of Evil Rituals and Malediction (Sif Muna gifted it to you on level 10 of the Dungeon)
  8360 | D:10     | Received a gift from Sif Muna
  8360 | D:10     | Reached skill level 13 in Necromancy
  8365 | D:10     | Killed Grum
  8379 | D:10     | Learned a level 5 spell: Agony
  8510 | D:10     | Noticed a two-headed ogre
  8521 | D:10     | Killed a two-headed ogre
  8613 | D:10     | Noticed a two-headed ogre
  8631 | D:10     | Killed a two-headed ogre
  8631 | D:10     | Reached skill level 5 in Invocations
  8631 | D:10     | Reached XP level 11. HP: 53/63 MP: 28/28
  8674 | D:10     | Learned a level 3 spell: Spectral Weapon
  9303 | D:10     | Noticed Urug
  9319 | D:10     | Killed Urug
  9455 | D:8      | Killed a two-headed ogre
  9592 | D:3      | Found a bloodstained altar of Trog.
  9621 | D:3      | Noticed Natasha
  9624 | D:3      | Killed Natasha
 10626 | D:3      | Noticed Natasha
 10636 | D:3      | Killed Natasha
 10655 | D:3      | Found a bloodstained altar of Trog.
 10955 | D:3      | Identified a scroll of acquirement {!r}
 11172 | Orc:1    | Entered Level 1 of the Orcish Mines
 11191 | Orc:1    | Noticed an orc sorcerer
 11216 | Orc:1    | Paralysed by an orc sorcerer for 4 turns
 11225 | Orc:1    | Killed an orc sorcerer
 11357 | Orc:1    | Noticed an orc knight
 11380 | Orc:1    | Killed an orc knight
 11424 | Orc:1    | Noticed a two-headed ogre
 11432 | Orc:1    | Killed a two-headed ogre
 11657 | Orc:1    | Found a frozen archway.
 11659 | Orc:1    | Noticed an orc sorcerer
 11676 | IceCv    | Entered an ice cave
 11780 | IceCv    | Engulfed by a cloud of freezing vapour

Vault maps used:
D:1:      ncdulo_lavacross
D:2:      grunt_temple_overflow_open, first_ration
D:3:      lemuel_crystal_altar, minmay_misc_feat_ornament,
          nicolae_underground_beach, uniq_natasha
D:4:      cheibrodos_ashenzari_chains, kennysheep_mini, kennysheep_small_circle
D:5:      minmay_temple_entry_junction_2, serial_shops, shop
D:6:      lemuel_coloured_pillars_altar, old_standard_altar,
          kennysheep_small_spiral, minmay_misc_feat_plants
D:7:      lemuel_mausoleum_altar_kikubaaqudgha, uniq_pikel
D:8:      nicolae_overflow_crystal_walls, grunt_pizzeria
D:9:      lemuel_doored_altar, hiddenorc1_lemuel
D:10:     uniq_urug, uniq_grum
Temple:   dpeg_chambers_temple
Orc:1:    portal_ice_cave_rime
IceCv:    ice_cave_caverns_02

Skill      XL: |  1  2  3  4  5  6  7  8  9 10 11 |
---------------+----------------------------------+-----
Necromancy     | 5 8 11 13 | 13.6
Fighting       | 1 2 3 4 5 6 |  6.5
Spellcasting   | 4 5 7 9 11 | 11.0
Dodging        | 3 4 5 6 |  6.5
Shields        | 2 4 |  4.0
Invocations    | 5 8 |  8.0
Stealth        | |  2.4

Action                   |  1- 3 |  4- 6 |  7- 9 | 10-12 || total
-------------------------+-------+-------+-------+-------++-------
Melee: Unarmed           |     3 |       |       |       ||     3
       Dagger            |       |    57 |       |       ||    57
       Eudemon blade     |       |     9 |   260 |   286 ||   555
 Cast: Pain              |    57 |    37 |    17 |     2 ||   113
       Vampiric Draining |     3 |    17 |    15 |    64 ||    99
       Regeneration      |       |     1 |     4 |     2 ||     7
       Agony             |       |       |       |     5 ||     5
       Spectral Weapon   |       |       |       |     2 ||     2
Invok: Divine Energy     |       |       |     1 |       ||     1
Evoke: Wand              |       |       |       |     5 ||     5
  Use: Scroll            |       |       |    13 |    12 ||    25
       Potion            |       |       |     1 |       ||     1
 Stab: Sleeping          |     1 |     6 |     6 |     4 ||    17
       Invisible         |       |       |     1 |       ||     1
       Distracted        |       |       |     2 |     3 ||     5
  Eat: Chunk             |     1 |     7 |    12 |     8 ||    28
       Ration            |       |       |       |     3 ||     3
Armor: Robe              |     4 |     8 |    43 |    34 ||    89
Dodge: Dodged            |    18 |    52 |   231 |   230 ||   531
Block: Buckler           |       |       |   103 |    93 ||   196
       Rpst.: Eudemon blade |       |     1 |    63 |    68 ||   132

Table legend:
 A = Spawn XP
 B = Non-spawn XP
 C = Spawn XP percentage of total XP
 D = Spawn monster count
 E = Non-spawn monster count
 F = Spawn count percentage of total count
 G = Total turns spent on level
                    A         B        C        D         E        F      G
               +---------+---------+-------+---------+---------+-------+---------
         Total |       0 |   18578 |   0.0 |       0 |     315 |   0.0 | 11780
               +---------+---------+-------+---------+---------+-------+---------
           D:1 |       0 |      44 |   0.0 |       0 |      22 |   0.0 |   993
           D:2 |       0 |      80 |   0.0 |       0 |      23 |   0.0 |   867
           D:3 |       0 |     183 |   0.0 |       0 |      28 |   0.0 |  2437
           D:4 |       0 |     745 |   0.0 |       0 |      16 |   0.0 |   932
           D:5 |       0 |     424 |   0.0 |       0 |      24 |   0.0 |   612
           D:6 |       0 |    1086 |   0.0 |       0 |      29 |   0.0 |   652
           D:7 |       0 |    2454 |   0.0 |       0 |      34 |   0.0 |  1124
           D:8 |       0 |    2967 |   0.0 |       0 |      32 |   0.0 |  1430
           D:9 |       0 |    1545 |   0.0 |       0 |      38 |   0.0 |   840
          D:10 |       0 |    4626 |   0.0 |       0 |      23 |   0.0 |  1048
        Temple |       0 |       3 |   0.0 |       0 |       1 |   0.0 |   255
         Orc:1 |       0 |    3919 |   0.0 |       0 |      41 |   0.0 |   486
         IceCv |       0 |     502 |   0.0 |       0 |       4 |   0.0 |   104
               +---------+---------+-------+---------+---------+-------+---------
